 Dungeon Crawl Stone Soup version 0.31-a0-145-g046c7d2549 (webtiles) character file.

Game seed: 16509225581246358793

337 ragingrage the Cleaver (level 6, -5/47 HPs)
             Began as a Hill Orc Wanderer on June 7, 2023.
             Slain by an ogre
             ... wielding a +0 giant spiked club
              (32 damage)
             ... on level 4 of the Dungeon.
             The game lasted 00:04:13 (4156 turns).

ragingrage the Cleaver (Hill Orc Wanderer)          Turns: 4156, Time: 00:04:13

Health: -5/47      AC:  6    Str: 18    XL:     6   Next: 54%
Magic:  7/7        EV: 10    Int: 10    God:
Gold:   211        SH:  0    Dex: 11    Spells: 7/7 levels left

rFire   . . .        h - +1 hand axe (venom)
rCold   . . .        (no shield)
rNeg    . . .        b - +0 ring mail
rPois   .            (no helmet)
rElec   .            (no cloak)
rCorr   .            (no gloves)
SInv    +            d - +0 pair of boots
Will    .....        (no amulet)
Stlth   +            n - ring of see invisible
HPRegen 0.27/turn    k - ring of wizardry
MPRegen 0.10/turn

%: wizardry (x1)
@: no status effects
A: no striking features
a: no special abilities


You were on level 4 of the Dungeon.
You visited 1 branch of the dungeon, and saw 4 of its levels.

You collected 211 gold pieces.

Inventory:

Hand Weapons
 h - a +1 hand axe of venom (weapon)
 l - the +5 spear of Day {pain, *Rage rPois rF+++ MP-9}
   (You found it on level 2 of the Dungeon)

   rF:        It renders you almost immune to fire.
   rPois:     It protects you from poison.
   MP:        It affects your magic capacity (-9).
   *Rage:     It berserks you when you make melee attacks (+20% chance).
 o - a +0 shortbow
 t - a +0 war axe
Missiles
 g - 5 poisoned darts (quivered)
Armour
 b - a +0 ring mail (worn)
 d - a +0 pair of boots (worn)
 p - an orb of wrath
Jewellery
 k - a ring of wizardry (right hand)
 n - a ring of see invisible (left hand)
 s - a ring of ice
Wands
 r - a wand of paralysis (8)
Scrolls
 c - 2 scrolls of summoning
 e - 4 scrolls of teleportation
 f - a scroll of silence {unknown}
 j - a scroll of blinking
 m - 3 scrolls of identify {unknown}
 q - 2 scrolls of enchant armour {unknown}
Potions
 a - a potion of heal wounds {unknown}
 i - a potion of attraction {unknown}
 u - a potion of enlightenment {unknown}


   Skills:
 - Level 1.2 Fighting
 + Level 8.3 Axes
 - Level 1.1 Armour
 - Level 2.0 Stealth
 - Level 3.2 Unarmed Combat
 - Level 1.0 Spellcasting
 - Level 1.0 Evocations


You had 7 spell levels left.
You didn't know any spells.
Your spell library contained the following spells:

 Spells                   Type           Power      Damage    Failure   Level
 Kiss of Death            Conj/Necr      0%         2d5       24%         1
 Sandblast                Erth           0%         2d4       24%         1
 Lesser Beckoning         Tloc           0%         N/A       34%         2
 Passwall                 Tmut/Erth      0%         N/A       34%         2
 Dazzling Flash           Conj/Hex       0%         N/A       56%         3
 Gell's Gravitas          Tloc           0%         N/A       56%         3
 Stone Arrow              Conj/Erth      0%         3d7       56%         3
 Teleport Other           Tloc           0%         N/A       56%         3
 Iskenderun's Mystic Bla  Conj/Tloc      0%         2d3       91%         4
 Sticky Flame             Conj/Fire      0%         2d3       91%         4
 Alistair's Intoxication  Tmut/Pois      0%         N/A       99%         5


Dungeon Overview and Level Annotations

Branches:
Dungeon (4/15)
 Temple: D:4-7

Altars:
Xom


Message History

You barely miss the iguana. The iguana bites you.
You hit the iguana but do no damage.
The iguana looks even sicker.
The iguana bites you!
You are too injured to fight recklessly!
You hit the iguana but do no damage.
The iguana bites you but does no damage.
You are too injured to fight recklessly!
You slash the iguana!
You kill the iguana!
You start resting.
g - 7 poisoned darts (gained 1)
Things that are here:
a +0 club; an orc corpse
Things that are here:
a +0 short sword; a stone; a kobold skeleton
g - 8 poisoned darts (gained 1)
g - 9 poisoned darts (gained 1)
g - 10 poisoned darts (gained 1)
g - 11 poisoned darts (gained 1)
An ogre is nearby!
An ogre is nearby!
You throw a poisoned dart. The poisoned dart hits the ogre.
You throw a poisoned dart. The poisoned dart hits the ogre.
The ogre is poisoned.
No target in view!
No target in view!
You throw a poisoned dart.
The poisoned dart completely misses the ogre.
You throw a poisoned dart. The poisoned dart hits the ogre.
The ogre looks even sicker.
You throw a poisoned dart.
The poisoned dart barely misses the ogre.
You throw a poisoned dart. The poisoned dart hits the ogre.
The ogre looks even sicker.
You hit the ogre.
The ogre looks as sick as possible!
The ogre hits you with a +0 giant spiked club!!
The ogre attacks as you move away!
The ogre hits you with a +0 giant spiked club!!
Ouch! That really hurt!
You die...

. #.# #.#.#
#.#.###
#.....#
############.#
#.......))...#
#.#...#.)#.<.#
#......#.#.#
#....@.#...#
#....O.#####
#....(.......#
###...........
....(#:######
..#...>#'#
.#........
......(...#
##.#.(. ..#


You could see an ogre (extremely poisoned).

Vanquished Creatures
  A centaur (D:3)
  An orc priest (D:4)
  Natasha (thrice) (D:2)
  An iguana (D:4)
  6 adders
  2 worms (D:2)
  4 dart slugs
  An orc (D:4)
  5 ball pythons
  5 bats
  6 endoplasms
  3 giant cockroaches
  5 goblins
  7 hobgoblins
  A quokka (D:1)
  3 frilled lizards
  5 kobolds
  6 rats
65 creatures vanquished.

Notes
Turn   | Place    | Note
-------+----------+-------------------------------------------
     0 | D:1      | ragingrage the Hill Orc Wanderer began the quest for the
                  | Orb.
     0 | D:1      | ragingrage set off with the following items: a +0 hand axe,
                  | a scroll of blinking, a scroll of summoning, a +0 pair of
                  | boots, a scroll of teleportation, a +0 leather armour.
     0 | D:1      | Reached XP level 1. HP: 16/16 MP: 2/2
    26 | D:1      | Reached skill level 2 in Axes
   223 | D:1      | Reached XP level 2. HP: 23/23 MP: 3/3
   235 | D:1      | Reached skill level 3 in Axes
   926 | D:1      | Reached XP level 3. HP: 26/28 MP: 4/4
   935 | D:1      | Reached skill level 4 in Axes
  1304 | D:2      | Noticed Natasha
  1315 | D:2      | Killed Natasha
  1316 | D:2      | Reached skill level 5 in Axes
  1316 | D:2      | Reached XP level 4. HP: 21/35 MP: 5/5
  1768 | D:2      | Identified the +5 spear of Day {pain, *Rage rPois rF+++
                  | MP-9}
  1849 | D:2      | Found a shimmering altar of Xom.
  1860 | D:2      | Reached XP level 5. HP: 40/40 MP: 6/6
  1870 | D:2      | Reached skill level 6 in Axes
  2090 | D:2      | Found a shimmering altar of Xom.
  2320 | D:2      | Noticed Natasha
  2335 | D:2      | Killed Natasha
  2808 | D:2      | Found a shimmering altar of Xom.
  2829 | D:2      | Noticed Natasha
  2835 | D:2      | Killed Natasha
  3002 | D:3      | Noticed a centaur
  3015 | D:3      | Killed a centaur
  3016 | D:3      | Reached skill level 7 in Axes
  3016 | D:3      | Reached XP level 6. HP: 19/47 MP: 7/7
  3683 | D:3      | Got the Grimoire of Shifting Impulse
  3925 | D:4      | Reached skill level 8 in Axes
  4156 | D:4      | Slain by an ogre

Illustrated notes

Levels and vault maps discovered:
D:1:      mainiacjoe_arrival_reflecting_pool, layout_basic
D:2:      layout_basic, basic_altar, st_stairs_13, nrook_uturn, uniq_natasha
D:3:      layout_loops_ring
D:4:      layout_basic, minmay_temple_entry_water_ring, uniq_eustachio

Skill      XL: |  1  2  3  4  5  6 |
---------------+-------------------+-----
Axes           | 2 3 5 7 8 |  8.3
Stealth        | 2 |  2.0
Fighting       | |  1.2
Armour         | |  1.1
Unarmed Combat | |  3.2
Spellcasting   | |  1.0
Evocations     | |  1.0

Action                     |  1- 3 |  4- 6 || total
---------------------------+-------+-------++-------
  Melee: Hand axe          |   109 |   125 ||   234
         Punch             |     9 |     1 ||    10
  Throw: Dart              |       |    11 ||    11
    Use: Scroll            |     1 |       ||     1
 Armour: Leather armour    |    12 |       ||    12
         Ring mail         |    30 |    47 ||    77
  Dodge: Dodged            |    69 |    56 ||   125

Table legend: (Time is in decaauts)
 A = Elapsed time spent in this place.
 B = Non-inter-level travel time spent in this place.
 C = Inter-level travel time spent in this place.
 D = Time resting spent in this place.
 E = Time spent auto-exploring this place.
 F = Levels seen in this place.
 G = Mean time per level.
                   A        B        C        D        E       F      G
               +--------+--------+--------+--------+--------+-----+--------+
         Total |   4181 |   4037 |    144 |    872 |   2552 |   4 | 1045.2 |
       Dungeon |   4181 |   4037 |    144 |    872 |   2552 |   4 | 1045.2 |
               +--------+--------+--------+--------+--------+-----+--------+

Top non-repeatable levels by time:
     D:2: 1693 daAuts
     D:1: 1204 daAuts
     D:3: 942 daAuts
     D:4: 340 daAuts
